 Dungeon Crawl Stone Soup version 0.29-a0-911-g88e6f02907 (webtiles) character file.

Game seed: 14439238463617036680

62 dolemite99 the Shooter (level 3, -2/29 HPs)
             Began as a Draconian Hunter on July 26, 2022.
             Was a Follower of Okawaru.
             Frozen to death by an endoplasm (5 damage)
             ... on level 2 of the Dungeon.
             The game lasted 00:01:18 (1286 turns).

dolemite99 the Shooter (Draconian Hunter)           Turns: 1286, Time: 00:01:19

Health: -2/29      AC:  5    Str: 13    XL:     3   Next: 85%
Magic:  3/3        EV: 12    Int:  9    God:    Okawaru [*.....]
Gold:   31         SH:  0    Dex: 16    Spells: 2/2 levels left

rFire   . . .      SeeInvis .   a - +0 shortbow
rCold   . . .      Faith    .   (shield currently unavailable)
rNeg    . . .      Spirit   .   (body armour unavailable)
rPois   .          Reflect  .   (helmet restricted)
rElec   .          Harm     .   (no cloak)
rCorr   .          Rampage  .   (no gloves)
Will    .....                   (no boots)
Stlth   ++........              (no amulet)
HPRegen 0.09/turn               (no ring)
MPRegen 0.08/turn               (no ring)

@: slowed, very slow
A: AC +5, unfitting armour, cold-blooded
a: Renounce Religion, Heroism


You were on level 2 of the Dungeon.
You worshipped Okawaru.
Okawaru was aware of your devotion.
You visited 1 branch of the dungeon, and saw 2 of its levels.

You collected 31 gold pieces.

Inventory:

Hand Weapons
 a - a +0 shortbow (weapon)
Magical Staves
 h - a staff of poison
Jewellery
 l - a ring of wizardry
Wands
 k - a wand of iceblast (11)
Scrolls
 b - a scroll of immolation
 e - a scroll of enchant weapon {unknown}
 f - 2 scrolls of identify {unknown}
 i - a scroll of amnesia {unknown}
 n - a scroll of enchant armour {unknown}
Potions
 c - a potion of flight {unknown}
 d - 2 potions of might {unknown}
 g - a potion of degeneration {unknown}
 j - a potion of curing {unknown}
 m - a potion of heal wounds {unknown}


   Skills:
 - Level 2.1 Fighting
 + Level 5.0 Ranged Weapons
 - Level 1.7 Dodging
 - Level 0.8 Stealth


You had 2 spell levels left.
You didn't know any spells.
Your spell library contained the following spells:

 Spells                   Type           Power      Damage    Failure   Level
 Magic Dart               Conj           0%         1d3       38%         1
 Searing Ray              Conj           0%         2d4       52%         2
 Fulminant Prism          Conj/Hex       0%         3d6       99%         4


Dungeon Overview and Level Annotations

Branches:
Dungeon (2/15)

Altars:
Okawaru


Innate Abilities, Weirdness & Mutations

Your plain brown scales are hard. (AC +5)
You cannot fit into any form of body armour.
You are cold-blooded and may be slowed by cold attacks.


Message History

Found a short sword.
n - a scroll labelled ECUVIU CIMUDI No target in view!
No target in view!
No target in view!
No target in view!
No target in view!
No target in view!
No target in view!
You open the door.
A gnoll and an endoplasm come into view.
Found 8 gold pieces.
The gnoll shouts!
The gnoll misses you.
There is an open door here.
The endoplasm freezes you.
You are frozen.
The gnoll hits you with a +0 spear.
Fire: a) +0 shortbow
Press: ? - help, Q - select action, (/) - cycle Shift-Dir - straight line, f - gnoll
Aim: a gnoll, wielding a +0 spear (66% to hit)
You shoot an arrow. The arrow hits the gnoll.
The gnoll is lightly wounded.
The endoplasm freezes you.
You are frozen.
The gnoll hits you with a +0 spear. The gnoll hits you with a +0 spear!
The endoplasm freezes you.
You are frozen.
* * * LOW HITPOINT WARNING * * *
You feel yourself slow down.
Fire: a) +0 shortbow
Press: ? - help, Q - select action, (/) - cycle Shift-Dir - straight line, f/p - gnoll
Aim: a gnoll, wielding a +0 spear (lightly wounded, 66% to hit)
You shoot an arrow. The arrow hits the gnoll.
The gnoll is heavily wounded.
The endoplasm barely misses you. The gnoll hits you with a +0 spear.
* * * LOW HITPOINT WARNING * * *
The gnoll closely misses you. The endoplasm freezes you.
You are frozen.
You die...

#....♣§♣§♣.♣.♣.♣.♣..P.
....♣♣.
.#..P♣♣§♣P♣§♣.♣.♣.....
....♣P. ##♣ ♣♣§♣§♣.♣....P#
....... ♣♣§.§..†....#
..#..P.
♣..§P.......####...#...
♣..........†.........#..
♣.P.#....#+##....(.......
.....#†P..#g$#..⌠..P......
..........#@J#)P.........#
....#....##'#.....###...+
.#..............# ..#
...............## .
...♣..............
♣♣...♣...♣...♣P.♣.
.♣♣♣.♣♣.......♣PP . ...
.......♣♣♣♣.
..........####


You could see a gnoll and an endoplasm.

Vanquished Creatures
  2 adders (D:2)
  A worm (D:1)
  3 ball pythons (D:1)
  5 endoplasms
  A giant cockroach (D:2)
  4 hobgoblins
  2 kobolds (D:1)
  6 quokkas
  6 bats
  A frilled lizard (D:1)
  2 goblins (D:1)
  5 rats
38 creatures vanquished.

Vanquished Creatures (others)
  18 plants (D:2)
18 creatures vanquished.

Grand Total: 56 creatures vanquished

Notes
Turn   | Place    | Note
-------+----------+-------------------------------------------
     0 | D:1      | dolemite99 the Draconian Hunter began the quest for the
                  | Orb.
     0 | D:1      | Reached XP level 1. HP: 17/17 MP: 1/1
   306 | D:1      | Reached skill level 4 in Ranged Weapons
   308 | D:1      | Reached XP level 2. HP: 23/24 MP: 2/2
   671 | D:1      | Found a faded altar of an unknown god.
   680 | D:1      | Prayed at the altar of an unknown god.
   680 | D:1      | Became a worshipper of Warmaster Okawaru
   680 | D:1      | Reached * piety under Okawaru
   750 | D:1      | Reached XP level 3. HP: 29/29 MP: 3/3
  1195 | D:2      | Reached skill level 5 in Ranged Weapons
  1286 | D:2      | Frozen to death by an endoplasm

Illustrated notes

Levels and vault maps discovered:
D:1:      wheals_arrival_shading, layout_basic,
          shapermc_ecumenical_altar_starsandcircs, nicolae_wormholes
D:2:      wad_woods_settlement, layout_loops_ring

Skill      XL: |  1  2  3 |
---------------+----------+-----
Ranged Weapons | 4 5 |  5.0
Fighting       | |  2.1
Dodging        | |  1.7
Stealth        | |  0.8

Action                   || total
-------------------------++-------
 Fire: Shortbow          ||   101
  Use: Scroll            ||     1
Armor: Skin              ||    15
Dodge: Dodged            ||    37

Table legend: (Time is in decaauts)
 A = Elapsed time spent in this place.
 B = Non-inter-level travel time spent in this place.
 C = Inter-level travel time spent in this place.
 D = Time resting spent in this place.
 E = Time spent auto-exploring this place.
 F = Levels seen in this place.
 G = Mean time per level.
                   A        B        C        D        E       F      G
               +--------+--------+--------+--------+--------+-----+--------+
         Total |   1316 |   1291 |     25 |    332 |    689 |   2 |  658.0 |
       Dungeon |   1316 |   1291 |     25 |    332 |    689 |   2 |  658.0 |
               +--------+--------+--------+--------+--------+-----+--------+

Top non-repeatable levels by time:
     D:1: 1102 daAuts
     D:2: 213 daAuts
